 Dungeon Crawl Stone Soup version 0.31-a0-1424-g2add1c7226 (webtiles) character file.

Game seed: 5244256832571847729

4 Sonofthefire the Ruffian (level 1, 0/13 HPs)
             Began as an Octopode Shapeshifter on Dec 27, 2023.
             Succumbed to an adder's poison
             ... on level 2 of the Dungeon.
             The game lasted 00:00:19 (86 turns).

Sonofthefire the Ruffian (Octopode Shapeshifter)      Turns: 86, Time: 00:00:19

Health: 0/13       AC:  1    Str: 13    XL:     1   Next: 60%
Magic:  1/1        EV: 13    Int: 12    God:
Gold:   4          SH:  0    Dex: 11    Spells: 0/0 levels left

rFire   . .          .
                       - Unarmed
rCold   . . .        (no shield)
rNeg    . . .        (helmet currently unavailable)
rPois   .            (no amulet)
rElec   .            (no ring)
rCorr   .            (no ring)
SInv    .            (no ring)
Will    .....        (no ring)
Stlth   ++           (no ring)
HPRegen 0.22/turn    (no ring)
MPRegen 0.07/turn    (no ring)
                     (no ring)

%: no passive effects
@: lethally poisoned (0 -> -9), beast-form
A: beast (slay +1), almost no armour, amphibious, 8 rings, camouflage 1,
gelatinous body 1, (nimble swimmer 1), tentacles
a: Begin Untransformation


You were on level 2 of the Dungeon.
You were a hulking beast.
You visited 1 branch of the dungeon, and saw 2 of its levels.

You collected 4 gold pieces.

Inventory:

Talismans
 b - a beast talisman
 c - a flux talisman
Scrolls
 e - a scroll of noise {unknown}
Potions
 a - a potion of lignification
 d - 2 potions of cancellation {unknown}


   Skills:
 + Level 1.1 Fighting
 + Level 2.1 Dodging
 + Level 3.0 Unarmed Combat
 + Level 3.0 Shapeshifting


You couldn't memorise any spells.
You didn't know any spells.
Your spell library was empty.

Dungeon Overview and Level Annotations

Branches:
Dungeon (1/15)

Altars:

Shops:
D:2 [


Innate Abilities, Weirdness & Mutations

You are a hulking beast.
Your limbs bulge with bestial killing power. (Slay +1)
You cannot wear most types of armour.
You are amphibious.
You can wear up to eight rings at the same time.
Your skin changes colour to match your surroundings (Stealth+).
Your rubbery body absorbs attacks. (AC +1, EV +1)
((You are camouflaged when in or above water. (Stealth+)))
You have tentacles for arms and can constrict up to eight enemies at once.


Message History

Found a stone staircase leading down.
The kobold hits you but does no damage.
You closely miss the kobold. Your grab misses the kobold.
Your squeeze misses the kobold. The kobold barely misses you.
You tentacle-slap the kobold.
You kill the kobold!
Things that are here:
a +0 dagger; 2 stones
There is a stone staircase leading down here.
An adder comes into view.
An adder is nearby!
The adder hisses angrily.
The adder bites you.
You are poisoned.
The adder poisons you!
An adder is nearby!
You are too injured to fight recklessly!
An adder is nearby!
You are too injured to fight recklessly!
An adder is nearby!
You are too injured to fight recklessly!
An adder is nearby!
You are too injured to fight recklessly!
An adder is nearby!
You are too injured to fight recklessly!
You miss the adder. Your grab misses the adder.
Your tentacle-slap misses the adder.
Your squeeze misses the adder.
You feel sick. The adder bites you.
You are lethally poisoned!
The adder poisons you!
You tentacle-slap the adder. Your grab misses the adder.
Your squeeze misses the adder.
The adder is moderately wounded.
You feel sick. The adder closely misses you. The adder bites you.
* * * LOW HITPOINT WARNING * * *
You are more poisoned.
The adder poisons you!
You tentacle-slap the adder. Your grab misses the adder.
Your tentacle-slap misses the adder.
The adder is severely wounded.
You die...

#..#..#...###......##
#.....### ######..#
###...# ##.### .
#.).#.#### ####....
#.##
##.###....###.....##
#....#.>#
###...##.###.# #.<..#
#'#....# #.##
###..###
#.########...
#...h.###...###......
#.###S.#.⌠.⌠..+....†.
... ###..∩).##....†.
..## +..⌠.⌠.#.......
...# ###...##.......
... ###.#........ .#
#'#........
#..........
##########.


You could see an adder.

Vanquished Creatures
  2 bats (D:2)
  A kobold (D:2)
  A rat (D:2)
4 creatures vanquished.

Notes
Turn   | Place    | Note
-------+----------+-------------------------------------------
     0 | D:1      | Sonofthefire the Octopode Shapeshifter began the quest for
                  | the Orb.
     0 | D:1      | Reached XP level 1. HP: 13/13 MP: 1/1
     9 | D:1      | You fall into a shaft and drop 1 floor!
    53 | D:2      | Found Cahetuedd's Antique Armour Shop.
    86 | D:2      | Succumbed to an adder's poison

Illustrated notes

Levels and vault maps discovered:
D:1:      dpeg_arrival_three_same_balls, layout_loops_ring, serial_bayou,
          serial_bayou_shore_b, serial_bayou_shore_a, serial_bayou_ford_a,
          serial_bayou_pond_e
D:2:      minmay_thinvault, layout_rooms, serial_shops,
          nicolae_shop_rolling_square

Action                     || total
---------------------------++-------
  Melee: Unarmed           ||    11
         Constrict         ||     2
         Tentacles         ||     1
 Armour: Skin              ||     6
  Dodge: Dodged            ||    12

Table legend: (Time is in decaauts)
 A = Elapsed time spent in this place.
 B = Non-inter-level travel time spent in this place.
 C = Inter-level travel time spent in this place.
 D = Time resting spent in this place.
 E = Time spent auto-exploring this place.
 F = Levels seen in this place.
 G = Mean time per level.
                   A        B        C        D        E       F      G
               +--------+--------+--------+--------+--------+-----+--------+
         Total |     85 |     85 |      0 |      0 |     62 |   2 |   42.5 |
       Dungeon |     85 |     85 |      0 |      0 |     62 |   2 |   42.5 |
               +--------+--------+--------+--------+--------+-----+--------+

Top non-repeatable levels by time:
     D:2: 76 daAuts
     D:1: 9 daAuts
